[Event "Team 45 45 League T49"]
[Site "Internet Chess Club"]
[Date "2011.06.14"]
[Round "5"]
[White "kidcobra"]
[Black "milesotoole"]
[Result "1/2-1/2"]
[WhiteElo "1640"]
[BlackElo "1575"]
[Opening "Caro-Kann: two knights, 3...Bg4"]
[ECO "B10"]
[Time "13:52:09"]
[TimeControl "2700+45"]

1. e4 c6 2. Nf3 d5 3. Nc3 Bg4 4. exd5 cxd5 5. d4 Nf6 6. Bb5+ Nc6 7. h3 Bxf3 8.
Qxf3 a6 9. Bxc6+ bxc6 10. O-O Qb6 11. Qe3 e6 12. Rb1 Bd6 13. Qd3 O-O 14. Be3
Rfc8 15. Bg5 Nd7 16. Na4 Qb7 17. c4 h6 18. Be3 c5 19. dxc5 Nxc5 20. Nxc5 Bxc5
21. cxd5 Bxe3 22. fxe3 Qxd5 23. Qxd5 exd5 24. Rfd1 Rd8 25. Kf2 Rd7 26. Rd2 Kf8
27. Rbd1 Rad8 28. Rd4 Ke7 29. Ra4 Rd6 30. Ke2 Ke6 31. Kd3 f5 32. g4 g6 33. gxf5+
gxf5 34. Rg1 Ke5 35. h4 d4 36. Ra5+ Kf6 37. h5 dxe3+ 38. Kxe3 Rd3+ 39. Kf2 Rd2+
40. Kf1 Rd1+ 41. Kg2 Rxg1+ 42. Kxg1 Rd6 43. b3 Kg5 44. Kg2 Kg4 45. b4 f4 46. Ra4
f3+ 47. Kf2 Rd2+ 48. Ke3 Re2+ 49. Kd3 Kg3 50. Rxa6 Kg2 51. Rg6+ Kf2 52. b5 Ke1
53. Rg1+ Kf2 54. Rg6 Kf1 55. b6 Ke1 56. Rg1+ Kf2 57. Rg6 Re3+ 58. Kd2 Re2+ 59.
Kd3 Ke1 60. Rg1+ Kf2 61. Rg6 {Game drawn by repetition} 1/2-1/2

[Event "Team 45 45 League T49"]
[Site "Internet Chess Club"]
[Date "2011.06.10"]
[Round "5"]
[White "bayoumicardio10"]
[Black "tourettes"]
[Result "0-1"]
[WhiteElo "1660"]
[BlackElo "1487"]
[Opening "French: King's Indian attack"]
[ECO "C00"]
[Time "14:04:29"]
[TimeControl "2700+45"]

1. e4 e6 2. d3 d5 3. Nd2 Nf6 4. g3 Nbd7 5. Ngf3 dxe4 6. dxe4 e5 7. Bc4 Bc5 8.
Ng5 O-O 9. f4 h6 10. Ngf3 exf4 11. gxf4 Nb6 12. Bd3 Re8 13. e5 Nbd5 14. Ne4 Bb6
15. Nxf6+ Nxf6 16. Qe2 Bg4 17. Be3 Qd5 18. Rf1 Bh3 19. Rg1 Bxe3 20. Qxe3 Rad8
21. Rg3 Bg4 22. Qg1 Nh5 23. Rxg4 Qxf3 24. Be2 Qe4 25. Qf2 Qxc2 26. b3 Qc3+ 27.
Kf1 Qxa1+ 28. Kg2 Rd2 29. Rh4 Qxa2 30. Kf1 Nf6 31. exf6 Rexe2 {White resigns}
0-1

[Event "Team 45 45 League T49"]
[Site "Internet Chess Club"]
[Date "2011.06.14"]
[Round "5"]
[White "BotanicalKnight"]
[Black "Innes"]
[Result "0-1"]
[WhiteElo "1631"]
[BlackElo "1809"]
[Opening "Bishop's opening"]
[ECO "C23"]
[Time "22:05:12"]
[TimeControl "2700+45"]

1. e4 e5 2. Bc4 b5 3. Bb3 c5 4. d3 Nf6 5. Nc3 a6 6. f4 d6 7. Nf3 Nc6 8. h3 Nh5
9. Bxf7+ Kxf7 10. Ng5+ Ke8 11. Qxh5+ g6 12. Qe2 Nd4 13. Qf2 Be7 14. Nf3 Rf8 15.
Nxd4 cxd4 16. Nd5 Be6 17. Nxe7 Qxe7 18. g4 d5 19. f5 dxe4 20. Qg3 Bd5 21. dxe4
Bxe4 22. Bh6 Bxh1 23. Bxf8 Kxf8 24. fxg6 hxg6 25. O-O-O Bd5 26. Re1 e4 27. h4
Rc8 28. Qf2+ Qf7 29. Qxd4 Rc4 30. Qh8+ Ke7 31. Qe5+ Qe6 32. Qg5+ Kd6 33. Rf1 Qc8
34. Rf6+ Be6 35. Qd2+ Ke7 36. Rxg6 e3 37. Qd3 Qc5 38. Rg5 Qd4 39. Qxd4 Rxd4 40.
Re5 Rxg4 41. Rxe3 Rxh4 42. b3 Rh2 43. Kb2 Kd6 44. Rc3 Bf5 45. a4 b4 {White
resigns} 0-1

[Event "Team 45 45 League T49"]
[Site "Internet Chess Club"]
[Date "2011.06.11"]
[Round "5"]
[White "gandre"]
[Black "Monsieur"]
[Result "1-0"]
[WhiteElo "1731"]
[BlackElo "1514"]
[Opening "Dutch"]
[ECO "A80"]
[Time "20:00:39"]
[TimeControl "2700+45"]

1. d4 f5 2. Nf3 Nf6 3. Bf4 h6 4. h3 g5 5. Bh2 Bg7 6. e3 O-O 7. c3 b6 8. Nbd2 Bb7
9. Qb3+ Kh7 10. O-O-O a5 11. Bd3 Ne4 12. Rdf1 Nxd2 13. Kxd2 a4 14. Qc2 e6 15.
Rhg1 Kh8 16. Ne5 Qe8 17. g4 d6 18. Nc4 b5 19. Na3 Ba6 20. gxf5 b4 21. cxb4 Bxd3
22. Qxd3 exf5 23. b5 Qe6 24. Qc4 d5 25. Qxc7 f4 26. Bxf4 Rxf4 27. exf4 Qe4 28.
Nc2 Na6 29. bxa6 Bxd4 30. Re1 Qf3 31. Nxd4 Qxf2+ 32. Kc3 a3 33. Re7 Qxb2+ 34.
Kd3 {Black resigns} 1-0

[Event "Team 45 45 League T49"]
[Site "Internet Chess Club"]
[Date "2011.06.11"]
[Round "5"]
[White "vollmerj"]
[Black "MCJR"]
[Result "1/2-1/2"]
[WhiteElo "1748"]
[BlackElo "1455"]
[Opening "Sicilian defense"]
[ECO "B20"]
[Time "12:00:51"]
[TimeControl "2700+45"]

1. e4 c5 2. b3 Nc6 3. Bb2 e5 4. Nf3 d6 5. Bc4 Be6 6. Bxe6 fxe6 7. O-O Nf6 8. Re1
Be7 9. c3 O-O 10. d4 cxd4 11. cxd4 exd4 12. Nxd4 Nxd4 13. Qxd4 e5 14. Qd3 Qb6
15. Nc3 Ng4 16. Rf1 Nxf2 17. Qe2 Nxe4+ 18. Kh1 Nxc3 19. Bxc3 Rxf1+ 20. Rxf1 Rf8
21. Qc4+ Kh8 22. Rxf8+ Bxf8 23. Qf7 Qd8 24. Qxb7 Qe7 25. Qe4 Qf6 26. Qe2 Qf5 27.
h3 Qf4 28. Bd2 Qf6 29. Bc3 {Game drawn by mutual agreement} 1/2-1/2

[Event "Team 45 45 League T49"]
[Site "Internet Chess Club"]
[Date "2011.06.09"]
[Round "5"]
[White "VietLion"]
[Black "SaltofLife"]
[Result "0-1"]
[WhiteElo "1929"]
[BlackElo "1929"]
[Opening "Bishop's opening: Berlin defense"]
[ECO "C24"]
[Time "15:32:23"]
[TimeControl "2700+45"]

1. e4 e5 2. Bc4 Nf6 3. d3 c6 4. Qe2 Be7 5. Nf3 d5 6. exd5 cxd5 7. Bb5+ Bd7 8.
Bxd7+ Nbxd7 9. Nxe5 O-O 10. Nxd7 Qxd7 11. O-O Bd6 12. f4 Rfe8 13. Qf3 Qe6 14.
Nc3 Bb4 15. Bd2 d4 16. Ne4 Bxd2 17. Nxd2 Nd5 18. f5 Qe3+ 19. Rf2 Nb4 20. Nc4
Qxf3 21. gxf3 Rad8 22. Na5 Rc8 23. Nxb7 Nxc2 24. Rc1 Ne3 25. Rc5 Rxc5 26. Nxc5
Re5 27. Nb3 Nxf5 28. Rc2 g6 29. Kf2 Ne3 30. Rc1 Nf5 31. Rc8+ Kg7 32. Rd8 Rb5 33.
Ra8 Rb7 34. f4 Rc7 35. Kf3 Re7 36. Rd8 Re3+ 37. Kf2 Rxd3 38. Ke2 Rh3 39. Nxd4
Nxd4+ 40. Rxd4 Rxh2+ 41. Kf3 Rxb2 42. Ra4 Rb7 43. Ra6 h5 44. Kg3 Rc7 45. Kh4 Rc4
46. Kg5 h4 47. Kxh4 Rxf4+ 48. Kg3 g5 49. Rxa7 Kg6 50. a4 Rb4 51. a5 Rb3+ 52. Kf2
f5 53. Ra6+ Kh5 54. Rf6 Kg4 55. a6 Ra3 56. Rb6 f4 57. Rg6 Ra2+ 58. Ke1 Kh4 59.
Rh6+ Kg3 60. Rb6 g4 61. Rd6 f3 62. Rg6 f2+ {White resigns} 0-1

[Event "Team 45 45 League T49"]
[Site "Internet Chess Club"]
[Date "2011.06.13"]
[Round "5"]
[White "theapprentice"]
[Black "ddlj81"]
[Result "0-1"]
[WhiteElo "1767"]
[BlackElo "1759"]
[Opening "Two knights defense (Modern bishop's opening)"]
[ECO "C55"]
[Time "22:01:55"]
[TimeControl "2700+45"]

1. e4 e5 2. Nf3 Nc6 3. Bc4 Nf6 4. d3 Be7 5. Be3 O-O 6. h3 d5 7. exd5 Nxd5 8.
Nbd2 Nxe3 9. fxe3 Bh4+ 10. Ke2 Kh8 11. g4 f5 12. c3 a6 13. Qb3 Na5 14. Qa4 Nxc4
15. Qxc4 b5 16. Qb4 Bb7 17. gxf5 Be7 18. Qg4 Bf6 19. Rag1 Qd7 20. Ne4 Rad8 21.
Ne1 Ba8 22. h4 Qe7 23. h5 h6 24. Qg6 Bxe4 25. dxe4 Qd6 26. Kf3 Qd1+ 27. Kg3 Qe2
28. Qg4 Qxe3+ 29. Qf3 Qd2 30. Rg2 Qd6 31. Rhh2 Bg5 32. Kh3 Qe7 33. Re2 c5 34.
Qg4 c4 35. Nf3 Rd3 36. Kg2 Bf6 37. Rh3 Rfd8 38. Qg6 Rd1 39. Rh1 R1d3 40. Rc1 Qc5
41. Rcc2 Rd1 42. Qg3 R8d3 43. Qf2 Qc6 44. Qa7 Qe8 45. Rcd2 Qxh5 46. Qb8+ Kh7 47.
Rxd3 cxd3 48. Rf2 Qh1+ 49. Kg3 Rg1+ 50. Nxg1 Bh4+ 51. Kg4 Qxe4+ 52. Rf4 Qxf4+
{White resigns} 0-1

[Event "Team 45 45 League T49"]
[Site "Internet Chess Club"]
[Date "2011.06.12"]
[Round "5"]
[White "parrot9"]
[Black "Achelous"]
[Result "1/2-1/2"]
[WhiteElo "1580"]
[BlackElo "1739"]
[Opening "Sicilian: O'Kelly variation"]
[ECO "B28"]
[Time "11:30:05"]
[TimeControl "2700+45"]

1. e4 c5 2. Nf3 a6 3. d4 cxd4 4. Nxd4 e5 5. Nb3 h6 6. Be3 Nf6 7. Bd3 Be7 8. Nc3
O-O 9. O-O d6 10. h3 Be6 11. f4 exf4 12. Bxf4 Nc6 13. Qd2 Ne5 14. Nd4 Bd7 15.
Be2 Ng6 16. Be3 Rc8 17. Nf5 Bxf5 18. exf5 Ne5 19. Rad1 Nc4 20. Bxc4 Rxc4 21. Nd5
Nxd5 22. Qxd5 Rxc2 23. Bd4 Rc6 24. f6 Bxf6 25. Bxf6 gxf6 26. Rd4 Qb6 27. Kh1 Qc5
28. Rxf6 Qxd5 29. Rxd5 Kg7 30. Rdxd6 Rxd6 31. Rxd6 Re8 32. Rb6 Re7 33. g4 f6 34.
Kg2 Kg6 35. Kf3 Kg5 36. a3 Rf7 37. Kg3 Rd7 38. h4+ Kg6 39. Kf4 Kg7 40. Kf5 Rd5+
41. Ke4 Re5+ 42. Kf4 Re7 43. Kf5 Re5+ 44. Kf4 Re7 45. Kf5 Rf7 46. b4 Rd7 47.
Rxf6 Rd5+ 48. Ke6 Rb5 49. Rf7+ Kg6 50. Rf6+ Kg7 51. Rf5 Rb6+ 52. Kd7 Rc6 53. Rc5
Rf6 54. Kc8 Rf3 55. Rc7+ Kf6 56. a4 Rf4 57. g5+ hxg5 58. hxg5+ Kxg5 59. Rxb7
Rc4+ 60. Kb8 Kf5 61. Ka7 a5 62. bxa5 Rxa4 63. a6 Ke6 64. Rb6+ Kd7 65. Kb8 Rc4
66. Rb7+ Kd8 67. Ka7 Kc8 68. Rb8+ Kc7 69. Ka8 Ra4 70. a7 Rd4 {Game drawn by
mutual agreement} 1/2-1/2

[Event "Team 45 45 League T49"]
[Site "Internet Chess Club"]
[Date "2011.06.15"]
[Round "5"]
[White "amanileo"]
[Black "Freitac"]
[Result "1/2-1/2"]
[WhiteElo "1897"]
[BlackElo "1922"]
[Opening "Grünfeld: 5.Bg5"]
[ECO "D91"]
[Time "16:51:49"]
[TimeControl "2700+45"]

1. d4 Nf6 2. Nf3 g6 3. c4 Bg7 4. Nc3 d5 5. Bg5 Ne4 6. Bf4 Nxc3 7. bxc3 c5 8. e3
O-O 9. Be2 dxc4 10. Bxc4 Nc6 11. O-O Na5 12. Be2 b6 13. dxc5 Bd7 14. cxb6 axb6
15. Ne5 Be6 16. Qc2 Qc8 17. Rfb1 Nc4 18. Bxc4 Bxc4 19. Rxb6 {Game drawn by
mutual agreement} 1/2-1/2

[Event "Team 45 45 League T49"]
[Site "Internet Chess Club"]
[Date "2011.06.12"]
[Round "5"]
[White "chessattack1"]
[Black "MrShaw"]
[Result "1-0"]
[WhiteElo "1822"]
[BlackElo "1802"]
[Opening "King's Indian: Sämisch, 5...O-O"]
[ECO "E81"]
[Time "08:48:57"]
[TimeControl "2700+45"]

1. d4 Nf6 2. c4 g6 3. Nc3 Bg7 4. e4 d6 5. f3 O-O 6. Be3 a6 7. Bd3 Nbd7 8. Nge2
c5 9. O-O b6 10. Kh1 Bb7 11. a3 cxd4 12. Nxd4 Ne5 13. Nd5 Nxd3 14. Qxd3 e6 15.
Nxf6+ Bxf6 16. Rfd1 d5 17. cxd5 exd5 18. Qb3 b5 19. Rac1 Qd7 20. Ne2 Rac8 21.
Rxc8 Rxc8 22. exd5 Rc4 23. Ng3 Bxd5 24. Ne4 Rxe4 25. fxe4 Bxb3 26. Rxd7 Bxb2 27.
Bd4 Bxd4 28. Rxd4 Kg7 29. Rd6 a5 30. Ra6 a4 31. Rb6 Bc4 32. Kg1 Kh6 33. Kf2 Kg5
34. Ke3 h5 35. Kd4 h4 36. e5 Kf4 37. Rf6+ Kg5 38. Rf3 Kg4 39. h3+ Kg5 40. Rf2
Bb3 41. Kc5 Bc4 42. Kd6 Bb3 43. Ke7 Bc4 44. Rxf7 Bxf7 45. Kxf7 b4 46. e6 bxa3
47. e7 a2 48. e8=Q a1=Q 49. Qe3+ Kh5 50. Qf3+ Kh6 51. Qf4+ {Black resigns} 1-0

[Event "Team 45 45 League T49"]
[Site "Internet Chess Club"]
[Date "2011.06.14"]
[Round "5"]
[White "AntonioMendonca"]
[Black "noblitz-oblige"]
[Result "1-0"]
[WhiteElo "1541"]
[BlackElo "1656"]
[Opening "Petrov: Nimzovich attack"]
[ECO "C42"]
[Time "19:19:11"]
[TimeControl "2700+45"]

1. e4 e5 2. Nf3 Nf6 3. Nxe5 d6 4. Nf3 Nxe4 5. Nc3 Nf6 6. d4 Be7 7. Bd3 Nc6 8. h3
d5 9. O-O O-O 10. Re1 Be6 11. Bg5 h6 12. Bh4 a6 13. Ne2 Nxd4 {Black resigns} 1-0

[Event "Team 45 45 League T49"]
[Site "Internet Chess Club"]
[Date "2011.06.12"]
[Round "5"]
[White "az2112"]
[Black "koni"]
[Result "0-1"]
[WhiteElo "1705"]
[BlackElo "1906"]
[Opening "King's Indian: orthodox, Aronin-Taimanov, 9.Ne1"]
[ECO "E98"]
[Time "11:02:33"]
[TimeControl "2700+45"]

1. d4 Nf6 2. c4 g6 3. Nc3 Bg7 4. e4 d6 5. Nf3 O-O 6. Be2 e5 7. O-O Nc6 8. d5 Ne7
9. Ne1 Nd7 10. Nd3 f5 11. Bd2 Nf6 12. f3 f4 13. c5 g5 14. Rc1 a6 15. b4 h5 16.
a4 g4 17. Be1 Ng6 18. b5 Rf7 19. bxa6 bxa6 20. cxd6 cxd6 21. Nb4 Qb6+ {White
resigns} 0-1

[Event "Team 45 45 League T49"]
[Site "Internet Chess Club"]
[Date "2011.06.13"]
[Round "5"]
[White "Nakke"]
[Black "Schack"]
[Result "1-0"]
[WhiteElo "1794"]
[BlackElo "1699"]
[Opening "KGA: Abbazia defense, modern variation"]
[ECO "C31"]
[Time "14:00:05"]
[TimeControl "2700+45"]

1. e4 e5 2. f4 d5 3. exd5 exf4 4. Nf3 Nf6 5. Bb5+ c6 6. dxc6 Nxc6 7. O-O Qb6+ 8.
d4 Qxb5 9. Nc3 Qf5 10. d5 Bc5+ 11. Kh1 Ne7 12. Nd4 Bxd4 13. Qxd4 Nexd5 14. Bxf4
Nxf4 15. Rxf4 Qxc2 16. Rxf6 gxf6 17. Ne4 Be6 18. Re1 Rd8 19. Qxf6 Rg8 20. Ng5
Rd1 21. Qxf7+ Kd8 22. Nxe6+ {Black resigns} 1-0

[Event "Team 45 45 League T49"]
[Site "Internet Chess Club"]
[Date "2011.06.13"]
[Round "5"]
[White "clarinetref"]
[Black "ScotchYeti"]
[Result "0-1"]
[WhiteElo "1612"]
[BlackElo "1671"]
[Opening "Sicilian: Kan, 5.Nc3"]
[ECO "B43"]
[Time "14:04:23"]
[TimeControl "2700+45"]

1. e4 c5 2. Nf3 e6 3. Nc3 a6 4. d4 cxd4 5. Nxd4 Qc7 6. Be3 Nf6 7. Be2 Bb4 8. Bd2
Bxc3 9. Bxc3 Nxe4 10. Bb4 Qb6 11. c3 e5 12. f3 exd4 13. fxe4 dxc3 14. Bxc3 O-O
15. Bd4 Qe6 16. Bf3 d5 17. e5 Nc6 18. O-O Nxd4 19. Qxd4 Rd8 20. Rad1 Qg6 21.
Bxd5 Be6 22. Qc4 Bxd5 23. Rxd5 b5 24. Rxd8+ Rxd8 25. Qc7 Re8 26. Rd1 Qe6 27. Rd8
h6 28. Rxe8+ Qxe8 29. Qd6 Qe6 30. Qd8+ Kh7 31. Qd3+ g6 32. a4 Qxe5 33. axb5 axb5
34. b4 Qe1+ 35. Qf1 Qxf1+ 36. Kxf1 Kg7 37. Ke2 Kf6 38. Ke3 Ke5 39. Kd3 f5 40. g3
g5 41. h3 h5 42. Ke3 Kd5 43. Kd3 f4 44. gxf4 gxf4 45. h4 f3 46. Ke3 f2 47. Kxf2
Kc4 48. Ke2 Kxb4 49. Kd3 Ka3 50. Kc2 b4 51. Kb1 Kb3 52. Ka1 Kc2 53. Ka2 b3+
{White resigns} 0-1

[Event "Team 45 45 League T49"]
[Site "Internet Chess Club"]
[Date "2011.06.11"]
[Round "5"]
[White "gandre"]
[Black "Andressa"]
[Result "0-1"]
[WhiteElo "1697"]
[BlackElo "1455"]
[Opening "Queen's bishop game"]
[ECO "D02"]
[Time "10:04:39"]
[TimeControl "2700+45"]

1. d4 d5 2. Nf3 Nf6 3. Bf4 e6 4. e3 Nc6 5. Bd3 h6 6. h3 Bd6 7. Bxd6 Qxd6 8. O-O
O-O 9. a3 e5 10. dxe5 Nxe5 11. Nxe5 Qxe5 12. Nc3 c5 13. Rb1 Rd8 14. Re1 c4 15.
Bf1 Bf5 16. Nb5 a6 17. Nd4 Rac8 18. Nxf5 Qxf5 19. c3 Re8 20. g4 Qe5 21. Bg2 Rc6
22. Qe2 Rce6 23. Rbd1 h5 24. gxh5 Rb6 25. Rd4 Rb5 26. Red1 Rc8 27. R1d2 Rcc5 28.
Qd1 Kh7 29. Qf3 Kh6 30. Qf4+ Qxf4 31. Rxf4 Kxh5 32. Rfd4 Kg5 33. h4+ Kf5 34. Kh2
Ke5 35. Kg3 Nh5+ 36. Kg4 g6 37. Kg5 Ng7 38. f4+ Ke6 39. Bh3+ Ke7 40. f5 Rb6 41.
e4 gxf5 42. exf5 Ne8 43. Bg2 Nf6 44. Bxd5 Nxd5 45. Rxd5 Rxd5 46. Rxd5 Rxb2 47.
Rc5 Rg2+ 48. Kf4 Kf6 49. Rxc4 Rh2 50. Kg4 Rg2+ 51. Kf3 Ra2 52. a4 Kxf5 53. Rg4
Rf2+ 54. Kg3 Rg2+ 55. Kxg2 Kxg4 56. h5 Kxh5 57. Kf3 Kg5 58. c4 Kf5 59. a5 Ke5
60. Ke3 f5 61. Kd3 f4 62. Ke2 Ke4 63. Kf2 Kd4 64. Kf3 Kxc4 65. Kxf4 Kb4 {White
resigns} 0-1

[Event "Team 45 45 League T49"]
[Site "Internet Chess Club"]
[Date "2011.06.10"]
[Round "5"]
[White "Deckfuel"]
[Black "Mark-SF"]
[Result "0-1"]
[WhiteElo "1894"]
[BlackElo "1969"]
[Opening "Giuoco Piano"]
[ECO "C54"]
[Time "09:01:04"]
[TimeControl "2700+45"]

1. e4 e5 2. Nf3 Nc6 3. Bc4 Bc5 4. c3 Nf6 5. d4 exd4 6. O-O Nxe4 7. cxd4 d5 8.
Re1 Bb4 9. Bd2 Be7 10. Bb5 O-O 11. Bf4 Bg4 12. Bxc6 bxc6 13. h3 Bh5 14. g4 Bg6
15. Ne5 Bh4 16. Re2 f5 17. Nd3 fxg4 18. hxg4 Nxf2 19. Nxf2 Rxf4 20. Nc3 Qf6 21.
Qd2 Rxd4 22. Qc1 Rf4 {White resigns} 0-1

[Event "Team 45 45 League T49"]
[Site "Internet Chess Club"]
[Date "2011.06.14"]
[Round "5"]
[White "upsan"]
[Black "randallsr"]
[Result "1-0"]
[WhiteElo "1719"]
[BlackElo "1718"]
[Opening "French: exchange variation"]
[ECO "C01"]
[Time "11:00:13"]
[TimeControl "2700+45"]

1. e4 e6 2. d4 d5 3. exd5 exd5 4. Bd3 Nf6 5. Bg5 h6 6. Bh4 Be7 7. Ne2 O-O 8. O-O
Ne4 9. Bxe7 Qxe7 10. Nd2 Bf5 11. Nxe4 dxe4 12. Ng3 exd3 13. Nxf5 Qg5 14. Qxd3
Nd7 15. Ng3 Rad8 16. Rad1 a6 17. Qf5 Nb6 18. Qxg5 hxg5 19. Rfe1 Rd5 20. Re7 c5
21. Rxb7 Na4 22. c3 Rfd8 23. Ne2 c4 24. Rb4 Nc5 25. Rxc4 Ne6 26. g3 Rb8 27. b3
a5 28. Rc1 f5 29. Ra4 Rdb5 30. c4 R5b7 31. Rxa5 f4 32. Re5 Kf7 33. d5 f3 34.
Rxe6 fxe2 35. Rxe2 {Black resigns} 1-0

[Event "Team 45 45 League T49"]
[Site "Internet Chess Club"]
[Date "2011.06.09"]
[Round "5"]
[White "Goli"]
[Black "qs16"]
[Result "0-1"]
[WhiteElo "1782"]
[BlackElo "1701"]
[Opening "Sicilian: Alapin's variation (2.c3)"]
[ECO "B22"]
[Time "16:03:30"]
[TimeControl "2700+45"]

1. e4 c5 2. c3 d5 3. exd5 Qxd5 4. d4 Nc6 5. Nf3 Bg4 6. Be2 cxd4 7. cxd4 e6 8.
O-O Nf6 9. h3 Bh5 10. Be3 Bd6 11. Nc3 Qa5 12. a3 O-O 13. b4 Qd8 14. Rc1 a6 15.
Qd2 Rc8 16. Rfd1 Bg6 17. Bg5 Be7 18. Be3 Nd5 19. Nxd5 exd5 20. Ne5 Be4 21. Nxc6
Rxc6 22. Rxc6 bxc6 23. f3 Bf5 24. Bxa6 Qa8 25. Qe2 Rb8 26. Bc1 Bd6 27. Bd3 Re8
28. Qc2 Bxd3 29. Qxd3 Qa4 30. Kf2 Qa8 31. f4 Qd8 32. g3 Qd7 33. Kg2 Re4 34. Rf1
Qe6 35. Bd2 h6 36. a4 Qe8 37. a5 Qb8 38. Rb1 Qa7 39. Bc3 Qe7 40. Rb2 Re3 41. Qd2
Qe4+ 42. Kh2 g5 43. Qc2 Qf3 44. Be1 gxf4 45. g4 Qxh3+ 46. Kg1 Rxe1+ 47. Kf2 Qg3#
{White checkmated} 0-1

[Event "Team 45 45 League T49"]
[Site "Internet Chess Club"]
[Date "2011.06.11"]
[Round "5"]
[White "Buford-Julep"]
[Black "justice02"]
[Result "0-1"]
[WhiteElo "1709"]
[BlackElo "1798"]
[Opening "Caro-Kann: two knights variation"]
[ECO "B11"]
[Time "10:05:34"]
[TimeControl "2700+45"]

1. e4 c6 2. Nc3 d5 3. Nf3 d4 4. Ne2 d3 5. cxd3 Qxd3 6. Ng3 Qd8 7. d4 Nf6 8. h3
g6 9. Bc4 Bg7 10. O-O O-O 11. a4 Nbd7 12. Bf4 Nb6 13. Ba2 h6 14. Rc1 Nh7 15. a5
Nd7 16. Qd2 h5 17. Rfd1 e6 18. Qb4 Re8 19. a6 Qb6 20. Bd6 Qxa6 21. Bc4 Qb6 22.
Qa3 a6 23. Ne2 Qd8 24. Ba2 Bh6 25. Rc2 Ndf6 26. Nc3 g5 27. d5 g4 28. dxe6 Bxe6
29. hxg4 hxg4 30. Bf4 Bf8 31. Bd6 Bxd6 32. Rxd6 Qe7 33. Bxe6 gxf3 34. Bf5 Qe5
35. gxf3 Kh8 36. Rcd2 Rg8+ 37. Kf1 Ng5 38. Ne2 Ne6 39. f4 Nxf4 40. Nxf4 Qxf4 41.
Rxf6 Qxd2 42. Qh3+ Kg7 43. Rh6 Qxh6 44. Qg3+ {White resigns} 0-1

[Event "Team 45 45 League T49"]
[Site "Internet Chess Club"]
[Date "2011.06.13"]
[Round "5"]
[White "Stryker672"]
[Black "mickeys"]
[Result "1-0"]
[WhiteElo "1967"]
[BlackElo "1976"]
[Opening "French: Fort Knox variation"]
[ECO "C10"]
[Time "21:02:36"]
[TimeControl "2700+45"]

1. e4 e6 2. d4 d5 3. Nc3 dxe4 4. Nxe4 Bd7 5. Nf3 Bc6 6. Bd3 Nd7 7. O-O Ngf6 8.
Bg5 Be7 9. Nxf6+ Bxf6 10. Bf4 O-O 11. c3 b6 12. Qe2 Bb7 13. Ne5 g6 14. Rfe1 Qc8
15. Rad1 Rd8 16. Ng4 Bg7 17. Nh6+ Kf8 18. Nxf7 Kxf7 19. Qxe6+ Kf8 20. Bc4 {Black
resigns} 1-0

[Event "Team 45 45 League T49"]
[Site "Internet Chess Club"]
[Date "2011.06.12"]
[Round "5"]
[White "pishd"]
[Black "DaveTheRook"]
[Result "1-0"]
[WhiteElo "1732"]
[BlackElo "1724"]
[Opening "Queen's pawn game"]
[ECO "A46"]
[Time "11:02:07"]
[TimeControl "2700+45"]

1. d4 Nf6 2. Nf3 e6 3. Bf4 d5 4. e3 Bd6 5. Ne5 O-O 6. Bd3 c5 7. c3 c4 8. Bc2 Qc7
9. Bg3 Nbd7 10. f4 Ne4 11. Nd2 Ndf6 12. Nxe4 Nxe4 13. Qe2 f6 14. Bxe4 dxe4 15.
Nxc4 f5 16. Nxd6 Qxd6 17. O-O Bd7 18. c4 Rac8 19. Rfc1 b6 20. Rc3 Rc7 21. Rac1
Rfc8 22. a3 Qe7 23. Be1 Be8 24. R3c2 Ba4 25. Rc3 Be8 26. b4 Bb5 27. cxb5 {Black
resigns} 1-0

[Event "Team 45 45 League T49"]
[Site "Internet Chess Club"]
[Date "2011.06.18"]
[Round "5"]
[White "badmove"]
[Black "cknights"]
[Result "0-1"]
[WhiteElo "1771"]
[BlackElo "1995"]
[Opening "Sicilian: closed"]
[ECO "B24"]
[Time "15:36:06"]
[TimeControl "2700+45"]

1. e4 c5 2. Nc3 Nc6 3. g3 g6 4. Bg2 Bg7 5. d3 e6 6. f4 Nge7 7. Nf3 O-O 8. O-O d5
9. h3 a6 10. g4 Bxc3 11. bxc3 dxe4 12. dxe4 Qc7 13. Qe1 Bd7 14. Qh4 f6 15. Be3
b6 16. Rad1 Rad8 17. Rf2 Na5 18. Bf1 Bb5 19. Rxd8 Qxd8 20. Rd2 Qa8 21. Bxb5 axb5
22. Rd7 Rf7 23. Ne5 fxe5 24. Rxe7 Qd8 25. f5 Rxe7 26. Bg5 Qd1+ 27. Kf2 Qxc2+ 28.
Kg1 Rd7 {White resigns} 0-1

[Event "Team 45 45 League T49"]
[Site "Internet Chess Club"]
[Date "2011.06.12"]
[Round "5"]
[White "DARKwizard1"]
[Black "Pacini"]
[Result "1-0"]
[WhiteElo "1942"]
[BlackElo "2012"]
[Opening "Sicilian: Hungarian variation"]
[ECO "B27"]
[Time "21:09:55"]
[TimeControl "2700+45"]

1. e4 c5 2. Nf3 g6 3. c3 Bg7 4. d4 cxd4 5. cxd4 d5 6. exd5 Qxd5 7. Nc3 Qa5 8.
Bd2 Nf6 9. Rc1 Nc6 10. Bb5 O-O 11. d5 Nb4 12. a3 Na2 13. Nxa2 Qxb5 14. Nc3 Qxb2
15. O-O Qxa3 16. Nb5 Qd3 17. Nc7 Rb8 18. Rc3 Qf5 19. Re1 Nxd5 20. Rc5 e6 21. Bc1
Rd8 22. Ba3 b6 23. Nxd5 exd5 24. Rxd5 Rxd5 25. Re8+ Bf8 26. Rxf8+ Kg7 27. Qa1+
f6 28. h4 Rb7 29. Qc3 Be6 30. Qb4 Rc5 31. Rd8 Rd7 32. Rxd7+ Bxd7 33. Qd2 Qd5 34.
Qe3 Rc4 35. h5 Qe6 36. Qd2 Ra4 37. Bb2 Rc4 38. Ng5 Qf5 39. h6+ Kg8 40. Bxf6 Qb1+
41. Kh2 Rh4+ 42. Kg3 Rg4+ 43. Kh2 Qf5 44. Qa2+ Kf8 45. Qf7# {Black checkmated}
1-0

[Event "Team 45 45 League T49"]
[Site "Internet Chess Club"]
[Date "2011.06.09"]
[Round "5"]
[White "Atlantis"]
[Black "kidviper"]
[Result "0-1"]
[WhiteElo "1874"]
[BlackElo "1940"]
[Opening "Queen's Indian: Capablanca variation"]
[ECO "E16"]
[Time "18:33:41"]
[TimeControl "2700+45"]

1. d4 Nf6 2. c4 e6 3. Nf3 b6 4. g3 Bb7 5. Bg2 Bb4+ 6. Bd2 Qe7 7. O-O Bxd2 8.
Nbxd2 O-O 9. Re1 c5 10. e4 d6 11. d5 e5 12. Rb1 g6 13. a3 Nbd7 14. h3 Nh5 15.
Nh4 Ng7 16. Ndf3 f5 17. exf5 g5 18. f6 Qxf6 19. Nxg5 Qxg5 20. Re4 Nf6 21. Nf3
Qg6 22. Nh4 Qf7 23. Re3 Rae8 24. Nf3 Bc8 25. g4 h6 26. g5 hxg5 27. Nxg5 Qg6 28.
Rg3 Ngh5 29. Ne6 Nxg3 30. Nxf8 Rxf8 31. fxg3 Qxg3 32. Qe1 Qxe1+ 33. Rxe1 Nh5 34.
Kh2 Rf2 35. b4 Nf4 36. Rg1 Bxh3 {White resigns} 0-1

[Event "Team 45 45 League T49"]
[Site "Internet Chess Club"]
[Date "2011.06.10"]
[Round "5"]
[White "SIDDuchess"]
[Black "Bacon1290"]
[Result "0-1"]
[WhiteElo "1620"]
[BlackElo "1666"]
[Opening "Sicilian: Grand Prix attack"]
[ECO "B23"]
[Time "10:00:27"]
[TimeControl "2700+45"]

1. e4 c5 2. Nc3 Nc6 3. f4 e6 4. Nf3 g6 5. d4 cxd4 6. Nxd4 Bg7 7. Be3 Qb6 8. Ncb5
Nxd4 9. Bxd4 Bxd4 10. Qxd4 Qxd4 11. Nxd4 a6 12. Bd3 Nf6 13. h3 b5 14. O-O-O Bb7
15. Rhe1 O-O 16. g4 d6 17. e5 dxe5 18. Rxe5 Nd7 19. Ree1 Nc5 20. Bf1 Rfd8 21. f5
exf5 22. gxf5 Rd7 23. fxg6 hxg6 24. h4 Rad8 25. c3 Ne4 26. h5 gxh5 27. Bh3 Rd6
28. Bf5 Ng3 29. Bc2 h4 30. Re7 R6d7 31. Re5 f6 32. Re6 Kf7 33. Rde1 Bd5 34. Rxa6
h3 35. Bf5 Nxf5 36. Nxf5 h2 37. Ng3 Rg8 {White resigns} 0-1

[Event "Team 45 45 League T49"]
[Site "Internet Chess Club"]
[Date "2011.06.11"]
[Round "5"]
[White "Razorbackchess"]
[Black "mongmong"]
[Result "1-0"]
[WhiteElo "1851"]
[BlackElo "1609"]
[Opening "QGD: Capablanca-Duras variation"]
[ECO "E10"]
[Time "20:07:57"]
[TimeControl "2700+45"]

1. d4 e6 2. c4 Nf6 3. Nf3 d5 4. Bg5 h6 5. Bh4 Bb4+ 6. Nbd2 dxc4 7. e3 Bd7 8.
Bxc4 Nc6 9. O-O O-O 10. a3 Be7 11. b4 Nh5 12. Bxe7 Qxe7 13. Rc1 Rad8 14. Nb3 Nf6
15. Nc5 Bc8 16. Qb3 Nb8 17. Qc2 c6 18. Rfe1 Nbd7 19. Nd3 Nb6 20. Bb3 Qd6 21. e4
Qb8 22. Qe2 Kh8 23. e5 Nfd5 24. Qe4 Ne7 25. Nf4 Nbd5 26. Nxd5 cxd5 27. Qh4 Nf5
28. Qh3 Bd7 29. g4 {Black resigns} 1-0